AoeStats
← henryouyang716

Arena

507280600Analyzed
4v4 RM · 13d ago on Sep 17, 2026· 48m 15s· 8 players
Game mode
Random Map
Map size
Large (8 player)
Population
200
Speed
Normal
Resources
Standard
Victory
Conquest
Starting age
Dark Age
Ending age
Imperial Age
RankedLock teamsTeams togetherTeam positionsShared explorationLock speedFull tech treeHidden civsTurbo modeCheats
Victory
Defeat
🇺🇸 Maya · United States
1126
+14
🇹🇼 Hindustanis · Taiwan
1118
+14
🇹🇼 Spanish · Taiwan
1116
+14
🇨🇳 Saracens · China
1089
+16
🇩🇪 Lithuanians · Germany
1145
-17
🇲🇦 Celts · Morocco
1144
-17
🇺🇸 Tatars · United States
1021
-12
🇨🇳 Khmer · China
1018
-12
1P
10:48 Feudal Age
14:42 Castle Age
13:04 Double-Bit Axe
13:26 Horse Collar
25:16 Wheelbarrow
24:54 Bow Saw
24:56 Loom
27:34 Hand Cart
27:05 Loom
27:42 Gold Mining
27:44 Stone Mining
31:38 Imperial Age
30:15 Gold Shaft Mining
29:55 Forging
30:22 Scale Barding Armor
31:35 Iron Casting
32:37 Chain Barding Armor
33:26 Bimaristan
34:01 Bloodlines
33:51 Husbandry
33:58 Heavy Plow
35:09 Conscription
35:13 Elite Mameluke
36:16 Counterweights
37:53 Plate Barding Armor
38:19 Blast Furnace
44:13 Siege Engineers
45:10 Chemistry
45:01 Fletching
46:07 Hoardings
white0210
10:26 Feudal Age
14:09 Castle Age
12:26 Loom
12:53 Double-Bit Axe
13:20 Horse Collar
15:40 Bow Saw
22:23 Padded Archer Armor
22:38 Heavy Plow
26:23 Wheelbarrow
29:06 Leather Archer Armor
30:46 Hand Cart
30:41 Fletching
34:34 Imperial Age
33:12 Stone Mining
34:14 Fortified Wall
35:37 Bodkin Arrow
36:32 Pikeman
37:13 Squires
37:14 Scale Mail Armor
37:33 Husbandry
39:07 Halberdier
39:54 Halberdier
42:01 Gambesons
42:01 Arson
46:05 Sanctity
46:23 Theocracy
45:44 Herbal Medicine
46:15 Illumination
47:11 Gold Mining
47:57 Stone Shaft Mining
48:59 Conscription
henryouyang716
11:07 Feudal Age
14:50 Castle Age
13:30 Double-Bit Axe
14:03 Horse Collar
28:00 Imperial Age
25:31 Loom
25:54 Scale Barding Armor
26:55 Chain Barding Armor
26:46 Forging
26:53 Heavy Plow
27:07 Bow Saw
27:21 Gold Mining
28:11 Bloodlines
28:01 Husbandry
28:58 Wheelbarrow
29:32 Iron Casting
30:39 Plate Barding Armor
31:56 Blast Furnace
30:57 Heavy Camel Rider
32:32 Hand Cart
32:23 Stone Mining
33:09 Gold Shaft Mining
33:02 Fortified Wall
33:01 Imperial Camel Rider
35:07 Chemistry
36:06 Light Cavalry
38:17 Two-Man Saw
38:14 Stone Shaft Mining
37:21 Hussar
Lễ Hội
0:31 Loom
10:47 Feudal Age
14:54 Castle Age
13:17 Double-Bit Axe
14:17 Stone Mining
15:03 Horse Collar
35:54 Gold Mining
37:42 Wheelbarrow
40:59 Sanctity
43:25 Imperial Age
42:19 Pikeman
43:02 Squires
44:42 Scale Mail Armor
46:19 Chain Mail Armor
47:07 Forging
TheHalloweenGambit
10:00 Feudal Age
12:17 Loom
14:32 Castle Age
13:07 Double-Bit Axe
13:13 Horse Collar
18:43 Loom
20:38 Bow Saw
20:36 Heavy Plow
22:26 Wheelbarrow
21:36 Town Watch
23:24 Gold Mining
24:49 Scale Barding Armor
27:18 Chain Barding Armor
27:08 Forging
30:39 Bloodlines
30:30 Husbandry
31:08 Iron Casting
34:04 Imperial Age
33:22 Hand Cart
34:11 Town Patrol
34:12 Fletching
34:45 Ballistics
34:22 Murder Holes
34:09 Cavalier
35:28 Conscription
35:57 Plate Barding Armor
35:34 Stone Mining
37:08 Chemistry
40:17 Paladin
[ALWM]jinikoro
12:12 Feudal Age
16:45 Castle Age
34:19 Wheelbarrow
33:37 Loom
41:37 Hand Cart
41:43 Pikeman
47:16 Imperial Age
45:48 Scale Mail Armor
45:58 Forging
45:55 Scale Barding Armor
47:42 Chain Mail Armor
48:02 Iron Casting
47:41 Fletching
47:53 Padded Archer Armor
sicANDtwisted
10:27 Feudal Age
10:49 Horse Collar
10:57 Double-Bit Axe
18:36 Castle Age
17:14 Gold Mining
18:38 Fletching
20:19 Padded Archer Armor
20:25 Bodkin Arrow
21:44 Elite Skirmisher
30:58 Leather Archer Armor
31:24 Bow Saw
34:17 Fortified Wall
34:30 Heavy Plow
35:33 Town Watch
38:22 Wheelbarrow
38:58 Scale Mail Armor
40:02 Stone Mining
40:30 Hand Cart
45:05 Imperial Age
46:40 Bracer
47:53 Chemistry
47:14 Ballistics
aoc2020
4:49 Loom
11:35 Feudal Age
12:12 Double-Bit Axe
14:40 Castle Age
13:12 Horse Collar
14:34 Stone Mining
19:51 Bow Saw
23:01 Wheelbarrow
22:32 Heavy Plow
24:56 Hand Cart
24:34 Gold Mining
27:54 Gold Shaft Mining
31:44 Imperial Age
30:49 Ballistics
31:17 Stone Shaft Mining
33:40 Chemistry
32:44 Double Crossbow
32:28 Heavy Scorpion
34:59 Crop Rotation
35:41 Siege Engineers
38:55 Fletching
41:23 Forging
41:19 Scale Barding Armor
43:14 Iron Casting
42:52 Bloodlines
42:03 Light Cavalry
43:33 Chain Barding Armor
43:47 Husbandry
45:29 Blast Furnace
48:31 Plate Barding Armor
48:57 Blast Furnace
Connection lost

Rejoining the realm…

Still unreachable

The connection could not be restored.

Session expired

The server has moved on; the page needs a fresh start.